 Dungeon Crawl Stone Soup version 0.17-a0-1421-g95311d7 (webtiles) character file.

5999 bal the Ducker (level 10, -2/76 HPs)
             Began as a Demonspawn Gladiator on June 23, 2015.
             Was an Elder of Nemelex Xobeh.
             Slain by a freezing wraith (8 damage)
             ... on level 10 of the Dungeon on June 24, 2015.
             The game lasted 00:52:33 (7414 turns).

bal the Ducker (Demonspawn Gladiator)               Turns: 7414, Time: 00:52:33

Health: -2/76      AC:  9    Str: 17    XL:     10   Next: 55%
Magic:  0/17       EV: 16    Int: 12    God:    Nemelex Xobeh [****..]
Gold:   300        SH:  0    Dex: 15    Spells: 3 memorised, 14 levels left

rFire  . . .     SeeInvis .     a - +3 quarterstaff (chaos)
rCold  . . .     Clarity  .     S - +2 leather armour {rPois}
rNeg   . . .     SustAt   .     (no shield)
rPois  +         Gourm    .     E - +2 hat
rElec  .         Spirit   +     G - +0 cloak
rCorr  .         Warding  .     (no gloves)
rMut   .         Stasis   .     (no boots)
MR     .....                    A - amulet of guardian spirit
Stlth  ++........               (no ring)
                                (no ring)

@: invisible, not resistant to hostile enchantments, unstealthy
A: claws 2, thin skeletal structure 1, powered by death 1, powered by pain 1
a: Triple Draw, Deal Four, Renounce Religion


You were on level 10 of the Dungeon.
You worshipped Nemelex Xobeh.
Nemelex Xobeh was greatly pleased with you.
You were not hungry.

You visited 1 branch of the dungeon, and saw 10 of its levels.
You also visited: Bailey.

You collected 580 gold pieces.
You spent 280 gold pieces at shops.

Inventory:

Hand weapons
 a - a +3 quarterstaff of chaos (weapon)
 b - a +0 shortbow
 g - a +4 dagger of freezing
 x - a +4 dagger
 D - a +3 dagger of venom
 L - a +1 great sword of slicing
 N - a +0 hand axe of chopping
Missiles
 d - 5 throwing nets (quivered)
 m - 34 poisoned needles
 u - 8 poisoned arrows
 y - 7 arrows of frost
 O - 45 tomahawks of returning
Armour
 t - a +0 buckler
 E - a +2 hat (worn)
 F - a +0 chain mail
 G - a +0 cloak (worn)
 S - a +2 leather armour of poison resistance (worn)
Jewellery
 A - an amulet of guardian spirit (around neck)
 B - an uncursed ring of fire
 W - an uncursed ring of wizardry
Magical devices
 h - a wand of enslavement (8)
 p - a wand of paralysis (10)
 s - a wand of draining (6)
 H - a wand of flame (31)
 P - a wand of lightning (0)
 U - a wand of slowing (30)
Scrolls
 f - 3 scrolls of recharging
 j - 4 scrolls of remove curse
 k - a scroll of magic mapping
 n - 4 scrolls of amnesia
 o - 4 scrolls of noise
 M - a scroll of teleportation
Potions
 c - a potion of might
 l - a potion of agility
 w - a potion of haste
 C - 3 potions of flight
Books
 I - a book of Minor Magic

   Spells                             Type                      Level
   a - Magic Dart                     Conjuration                  1
   b - Blink                          Translocation                2
   c - Call Imp                       Summoning                    2
   d - Repel Missiles                 Charms/Air                   2
   e - Slow                           Hexes                        2
   f - Conjure Flame                  Conjuration/Fire             3
   g - Mephitic Cloud                 Conjuration/Poison/Air       3
 J - a book of Transfigurations

   Spells                             Type                      Level
   a - Stoneskin                      Transmutation/Earth          2
   b - Irradiate                      Conjuration/Transmutation    5
   c - Statue Form                    Transmutation/Earth          6
   d - Hydra Form                     Transmutation                6
   e - Dragon Form                    Transmutation                7
 Q - a book of Necromancy

   Spells                             Type                      Level
   a - Pain                           Necromancy                   1
   b - Animate Skeleton               Necromancy                   1
   c - Vampiric Draining              Necromancy                   3
   d - Regeneration                   Charms/Necromancy            3
   e - Animate Dead                   Necromancy                   4
   f - Control Undead                 Necromancy                   4
Miscellaneous
 i - a plain deck of escape {drawn: 6}
 r - a legendary deck of war {drawn: 3}
 z - a sack of spiders {used: 5}
 T - a phial of floods (inert)
Comestibles
 e - 5 bread rations
 q - 2 royal jellies
 K - a meat ration


   Skills:
 + Level 5.8 Fighting
 + Level 2.9 Short Blades
 + Level 3.3 Axes
 + Level 4.3 Staves
 + Level 1.4 Bows
 + Level 1.9 Throwing
 + Level 5.5 Armour
 + Level 6.8 Dodging
 + Level 2.4 Stealth
 + Level 2.8 Shields
 * Level 4.6 Spellcasting
 * Level 4.6 Conjurations
 + Level 4.3 Evocations


You had 14 spell levels left.
You knew the following spells:

 Your Spells              Type           Power        Failure   Level  Hunger
a - Magic Dart            Conj           ##..         4%          1    None
b - Call Imp              Summ           #.......     38%         2    ##.....
c - Animate Skeleton      Necr           N/A          28%         1    None


Dungeon Overview and Level Annotations

Branches:
Dungeon (10/15)            Temple (0/1) D:4
   Lair: D:8-11         Orc: D:9-12

Altars:
Ashenzari
Dithmenos
Kikubaaqudgha
Nemelex Xobeh
Okawaru
Qazlal
Ru
Vehumet
Xom

Shops:
D:4 !   D:6 }   D:7 (


Innate Abilities, Weirdness & Mutations

You have very sharp fingernails.
You have a somewhat thin skeletal structure (Dex +2, Stealth).
You regenerate a little health from kills.
You sometimes gain a little power by taking damage.


Message History

The orc priest blinks!
The troll disappears!
The orc warrior disappears!
Evoke which item? (* to show all) (? for menu, Esc to quit)
You draw a card...
It is Velocity.
The freezing wraith seems to speed up.
The orc priest seems to speed up. x2
The orc priest calls down the wrath of Beogh upon you.
Pain shoots through your body! The freezing wraith hits you!
The freezing wraith freezes you!!
* * * LOW HITPOINT WARNING * * *
The freezing wraith hits you but does no damage.
Drink which item? (? for menu, Esc to quit)
You fade into invisibility!
The freezing wraith barely misses you.
The freezing wraith completely misses you.
The freezing wraith hits you.
* * * LOW HITPOINT WARNING * * *
The freezing wraith freezes you!
* * * LOW HITPOINT WARNING * * *
The freezing wraith hits you!
You die...
Your body glows with a rainbow of weird colours and disappears.

#...#######..####
#...#..#..#..#.?#
####.....#........#
....#...###...†oo## #
#.........###.......#
#.......†s.#.........
#.###...#..#..#...#..
#. ##oo#######...# #
# #.@#..# ...#
#.W...# o.o.
#....###.. ....
##........
#.###########
#............
#####.#.....
#.#.##########
#.............


You could see a freezing wraith and 2 orc priests.

Vanquished Creatures
  An orc knight (Bailey)
  A two-headed ogre (D:8)
  A spriggan (D:9)
  A hungry ghost (D:7)
  A steam dragon (D:8)
  2 hippogriffs
  2 ice beasts
  A sky beast (D:8)
  5 orc warriors
  2 necrophages
  A phantom (D:8)
  A centaur (D:8)
  2 ogres
  A big kobold (D:8)
  A giant frog (D:9)
  A water moccasin zombie (D:6)
  A wyvern skeleton (D:10)
  3 killer bees (D:8)
  A vampire bat (D:5)
  A centaur zombie (D:5)
  2 crimson imps
  A quasit (D:7)
  8 jellies
  A giant frog skeleton (D:8)
  5 hounds
  Crazy Yiuf (D:4)
  4 orc priests
  2 iguanas
  5 orc wizards
  4 worker ants
  A hound zombie (D:8)
  A hound skeleton (D:6)
  A worker ant zombie (D:10)
  Robin (D:4)
  5 gnolls
  11 adders
  4 shadow imps
  2 oozes
  2 adder skeletons
  An adder zombie (D:6)
  A worm (D:2)
  6 giant geckos
  29 orcs
  15 bats
  4 bat skeletons
  4 bat zombies (D:5)
  4 giant cockroaches
  25 goblins
  31 hobgoblins
  40 kobolds
  3 quokkas (D:3)
  A ball python (D:2)
  A giant gecko zombie (D:7)
  3 giant newts
  14 rats
273 creatures vanquished.

Vanquished Creatures (collateral kills)
  Erolcha (D:8)
  The ghost of Snupthedog the Chiller, an experienced DsIE of Xom (D:9)
  The ghost of Zebura the Geomancer, an experienced NaEE of Makhleb (D:8)
  Sigmund (D:4)
  A redback (Bailey)
  Grum (D:9)
  2 wolves (D:9)
  Edmund (D:5)
  3 orc warriors
  2 centaurs (D:5)
  A giant frog (D:10)
  A scorpion (D:6)
  2 killer bees (D:8)
  A crimson imp (D:8)
  3 orc priests
  5 orc wizards (D:9)
  An iguana (D:6)
  An adder (D:4)
  10 orcs
  2 goblins
  3 hobgoblins
  3 kobolds
  A giant newt (D:5)
  A rat (D:10)
49 creatures vanquished.

Vanquished Creatures (others)
  An orc warrior (Bailey)
  An orc (D:8)
2 creatures vanquished.

Grand Total: 324 creatures vanquished

Notes
Turn   | Place    | Note
--------------------------------------------------------------
     0 | D:1      | bal the Demonspawn Gladiator began the quest for the Orb.
     0 | D:1      | Reached XP level 1. HP: 16/16 MP: 1/1
    90 | D:1      | Found a sparkling altar of Nemelex Xobeh.
   100 | D:1      | Became a worshipper of Nemelex Xobeh the Trickster
   113 | D:1      | Received a gift from Nemelex Xobeh
   172 | D:1      | Gained mutation: You have a somewhat thin skeletal structure (Dex +2, Stealth). [demonic ancestry]
   172 | D:1      | Reached XP level 2. HP: 22/22 MP: 2/2
   210 | D:1      | Reached skill level 3 in Axes
   346 | D:1      | Gained mutation: You regenerate a little health from kills. [demonic ancestry]
   346 | D:1      | Reached XP level 3. HP: 25/28 MP: 3/3
   517 | D:2      | Found a sacrificial altar of Ru.
  1088 | D:2      | Reached XP level 4. HP: 34/34 MP: 4/4
  1275 | D:3      | Reached skill level 1 in Armour
  1340 | D:3      | Received a gift from Nemelex Xobeh
  1775 | D:4      | Noticed Crazy Yiuf
  1789 | D:4      | Killed Crazy Yiuf
  1789 | D:4      | Reached XP level 5. HP: 39/39 MP: 5/5
  1844 | D:4      | Found a staircase to the Ecumenical Temple.
  1868 | D:4      | Noticed Sigmund
  1883 | D:4      | Killed Sigmund
  1883 | D:4      | Reached skill level 4 in Dodging
  1883 | D:4      | Reached skill level 1 in Evocations
  2004 | D:4      | Noticed Robin
  2027 | D:4      | Reached skill level 1 in Shields
  2089 | D:4      | Killed Robin
  2195 | D:4      | Found Qapheur's Distillery.
  2350 | D:4      | Reached skill level 1 in Short Blades
  2350 | D:4      | Gained mutation: You have sharp fingernails. [demonic ancestry]
  2350 | D:4      | Reached XP level 6. HP: 46/46 MP: 6/6
  2367 | D:5      | Entered Level 5 of the Dungeon
  2398 | D:5      | Noticed Edmund
  2420 | D:5      | Killed Edmund
  2607 | D:5      | Reached skill level 1 in Stealth
  2650 | D:5      | Gained mutation: You sometimes gain a little power by taking damage. [demonic ancestry]
  2650 | D:5      | Reached XP level 7. HP: 50/52 MP: 8/8
  3086 | D:5      | Found an ancient bone altar of Kikubaaqudgha.
  3316 | D:6      | Received a gift from Nemelex Xobeh
  3426 | D:6      | Acquired Nemelex Xobeh's first power
  3470 | D:6      | Reached skill level 5 in Dodging
  3488 | D:6      | Reached XP level 8. HP: 32/60 MP: 9/9
  3585 | D:6      | Found an iron altar of Okawaru.
  3641 | D:6      | Received a gift from Nemelex Xobeh
  3934 | D:6      | Found Teoki's Gadget Emporium.
  3947 | D:6      | Bought a sack of spiders for 280 gold pieces
  4240 | D:7      | Reached skill level 1 in Staves
  4251 | D:7      | Learned a level 1 spell: Magic Dart
  4260 | D:7      | Found Heyvum's Weapon Emporium.
  4409 | D:7      | Found a radiant altar of Vehumet.
  4568 | D:7      | Reached skill level 1 in Spellcasting
  4568 | D:7      | Reached skill level 1 in Conjurations
  4649 | D:8      | Received a gift from Nemelex Xobeh
  4679 | D:8      | Noticed Zebura's ghost (experienced NaEE)
  4679 | D:8      | Gained mutation: You have very sharp fingernails. [demonic ancestry]
  4679 | D:8      | Reached XP level 9. HP: 66/66 MP: 11/11
  4707 | D:8      | Reached skill level 5 in Armour
  4723 | D:8      | Killed Zebura's ghost
  4735 | D:8      | Reached skill level 6 in Dodging
  4757 | D:8      | Found a stormy altar of Qazlal.
  4792 | D:8      | Found a flagged portal.
  4808 | Bailey   | Entered a bailey
  4827 | Bailey   | Noticed an orc knight
  4880 | Bailey   | Acquired Nemelex Xobeh's second power
  5068 | Bailey   | an orc knight changed into a redback
  5072 | Bailey   | Reached skill level 5 in Fighting
  5137 | Bailey   | Noticed an orc knight
  5180 | Bailey   | Killed an orc knight
  5180 | Bailey   | Reached skill level 1 in Bows
  5491 | D:8      | Noticed a two-headed ogre
  5544 | D:8      | Killed a two-headed ogre
  5546 | D:8      | Upgraded the game from 0.17-a0-1411-g06ff558 to 0.17-a0-1421-g95311d7
  5587 | D:8      | Noticed Erolcha
  5615 | D:8      | Killed Erolcha
  5615 | D:8      | Reached XP level 10. HP: 74/74 MP: 13/15
  6338 | D:8      | Found a shimmering altar of Xom.
  6338 | D:8      | Found a shadowy altar of Dithmenos.
  6524 | D:9      | Noticed Snupthedog's ghost (experienced DsIE)
  6571 | D:9      | Killed Snupthedog's ghost
  6703 | D:9      | Received a gift from Nemelex Xobeh
  6942 | D:9      | Found a shattered altar of Ashenzari.
  7017 | D:9      | Noticed Grum
  7028 | D:9      | Killed Grum
  7273 | D:10     | Entered Level 10 of the Dungeon
  7277 | D:10     | Learned a level 2 spell: Call Imp
  7279 | D:10     | Learned a level 1 spell: Animate Skeleton
  7414 | D:10     | Slain by a freezing wraith

Vault maps used:
D:1:      dpeg_arrival_pond, nemelex_xobeh_ov_fountains_minmay
D:2:      nicolae_ru_sacrificial_ziggurat
D:3:      first_bread
D:4:      minmay_temple_entry_statues_fountains, serial_shops, shop_statue,
          uniq_crazy_yiuf_cottage, uniq_sigmund, uniq_robin
D:5:      corexii_shantytown, kennysheep_vampire_church, uniq_edmund
D:6:      okawaru_gym_becter, serial_shops, shop
D:7:      lemuel_crystal_altar, serial_shops, shop
D:8:      overflow_temple_1_default, amethyst_overflow_temple_binary,
          enter_bailey_1, uniq_erolcha
D:9:      minmay_flawed_box, the_bakery, evilmike_ruin_ashenzari, uniq_grum
D:10:     hangedman_cross_cluster
Bailey:   bailey_axe_4, bailey

Action                   |  1- 3 |  4- 6 |  7- 9 | 10-12 || total
-------------------------+-------+-------+-------+-------++-------
Melee: War axe           |    15 |       |       |       ||    15
       Dagger            |    81 |   184 |   230 |    10 ||   505
       Quarterstaff      |       |       |   286 |   151 ||   437
 Fire: Shortbow          |       |       |    20 |     4 ||    24
 Cast: Magic Dart        |       |       |       |     4 ||     4
Evoke: Deck              |       |    17 |    19 |    17 ||    53
       Wand              |       |     2 |    10 |     4 ||    16
       Sack of spiders   |       |       |     3 |     2 ||     5
       Phial of floods   |       |       |     1 |       ||     1
  Use: Potion            |     1 |     1 |     9 |     2 ||    13
       Scroll            |       |       |    17 |     3 ||    20
 Stab: Sleeping          |     3 |       |       |     6 ||     9
       Paralysed         |       |       |     1 |     2 ||     3
       Petrifying        |       |       |       |     4 ||     4
  Eat: Chunk             |     1 |     1 |       |       ||     2
       Pizza             |       |     1 |       |       ||     1
       Beef jerky        |       |     1 |       |       ||     1
       Meat ration       |       |     1 |       |       ||     1
       Bread ration      |       |       |     2 |     2 ||     4
